 Dungeon Crawl Stone Soup version 0.24.0-2-g5b39cebb1c (webtiles) character file.

Game seed: 17538263872331578396, levelgen mode: deterministic

376471 Aelig the Impassioned (level 22, 0/126 HPs)
             Began as a Vine Stalker Berserker on Oct 27, 2019.
             Was a Follower of Uskayaw.
             Slain by a vampire knight
             ... wielding the +8 scythe of Fair {slice, rPois}
              (1 damage)
             ... on level 1 of the Depths on Oct 29, 2019.
             The game lasted 03:40:52 (40897 turns).

Aelig the Impassioned (Vine Stalker Berserker)     Turns: 40897, Time: 03:40:53

Health: 0/126      AC: 21    Str: 23    XL:     22   Next: 78%
Magic:  0/35       EV: 21    Int:  9    God:    Uskayaw [*.....]
Gold:   1130       SH: 17    Dex: 23    Spells: 21/21 levels left

rFire    + + .     SeeInvis .   a - +9 quick blade (elec)
rCold    . . .     Gourm    .   J - +2 shield
rNeg     + + .     Faith    +   f - +5 scale mail "Dimiecy" {rF+ Int+3}
rPois    +         Spirit   +   X - +0 helmet
rElec    .         Reflect  .   L - +2 ratskin cloak {+Rats rPois rN+ Str-1 Int-1 Dex+1}
rCorr    +         Harm     .   t - +1 pair of gloves
MR       ++...                  z - +0 pair of boots of Ysuit {rF+ rN+ Regen+ Str+2}
Stlth    +++++.....             D - amulet of faith
HPRegen  1.51/turn              G - ring of resist corrosion
MPRegen  0.24/turn              P - +4 ring of evasion

@: about to teleport, very slightly contaminated
A: fangs 3, regeneration 2, magic shield, antimagic bite, no potion heal 3, rot
immunity
}: 2/15 runes: decaying, serpentine
a: Stomp, Renounce Religion, Evoke Ratskin


You were on level 1 of the Depths.
You worshipped Uskayaw.
Uskayaw was most pleased with you.
You were not hungry.

You visited 7 branches of the dungeon, and saw 37 of its levels.
You visited 1 ziggurat, and saw 3 of its levels.
You also visited: Sewer.

You collected 4252 gold pieces.
You spent 3122 gold pieces at shops.

Inventory:

Hand Weapons
 a - a +9 quick blade of electrocution (weapon)
 b - a +9 quick blade of piercing
Missiles
 N - 4 throwing nets (quivered)
Armour
 f - the +5 scale mail "Dimiecy" (worn) {rF+ Int+3}
   (You found it on level 11 of the Dungeon)

   It affects your intelligence (+3).
   It protects you from fire.
 t - a +1 pair of gloves (worn)
 z - the +0 pair of boots of Ysuit (worn) {rF+ rN+ Regen+ Str+2}
   (You bought it in a shop on level 2 of the Orcish Mines)

   It affects your strength (+2).
   It protects you from fire.
   It protects you from negative energy.
   It increases your rate of regeneration.
 J - a +2 shield (worn)
 L - the +2 ratskin cloak (worn) {+Rats rPois rN+ Str-1 Int-1 Dex+1}
   (You found it on level 8 of the Dungeon)

   It affects your strength (-1).
   It affects your intelligence (-1).
   It affects your dexterity (+1).
   It protects you from poison.
   It protects you from negative energy.
 X - a +0 helmet (worn)
Jewellery
 D - an amulet of faith (around neck)
 G - a ring of resist corrosion (left hand)
 P - a +4 ring of evasion (right hand)
 V - the ring of the Mage {Wiz MR++ Int+3}
   (You found it on level 3 of the Snake Pit)

   [ring of wizardry]

   It improves your spell success rate.
   It affects your intelligence (+3).
   It affects your resistance to hostile enchantments.
 W - the ring of Tem Nai {rElec rF- rC- rN+ SInv}
   (You found it on level 4 of the Depths)

   [ring of positive energy]

   It makes you vulnerable to fire.
   It makes you vulnerable to cold.
   It insulates you from electricity.
   It protects you from negative energy.
   It lets you see invisible.
Wands
 d - a wand of polymorph (21)
 g - a wand of clouds (8)
 n - a wand of disintegration (11)
 y - a wand of enslavement (10)
 A - a wand of digging (4)
 F - a wand of acid (33)
 H - a wand of paralysis (27)
 Y - a wand of iceblast (21)
Scrolls
 h - 7 scrolls of immolation
 i - 5 scrolls of fog
 k - 10 scrolls of remove curse
 r - 9 scrolls of teleportation
 s - 7 scrolls of enchant armour
 v - 8 scrolls of magic mapping
 w - 2 scrolls of holy word
 x - a scroll of amnesia
 B - 3 scrolls of identify
 E - 3 scrolls of enchant weapon
 T - 6 scrolls of fear
 U - a scroll of silence
 Z - 3 scrolls of vulnerability
Potions
 e - a potion of cancellation
 j - 3 potions of berserk rage
 l - 13 potions of flight
 m - 17 potions of curing
 o - 6 potions of haste
 p - a potion of mutation
 q - 3 potions of resistance
 C - a potion of brilliance
 I - 6 potions of might
 K - 2 potions of ambrosia
 Q - 2 potions of agility
 R - 2 potions of magic
 S - 3 potions of invisibility
Miscellaneous
 M - a fan of gales
Comestibles
 c - 59 rations
 O - 4 chunks of flesh


   Skills:
 + Level 16.8 Fighting
 - Level 14.0 Short Blades
 - Level 8.1 Armour
 - Level 8.0 Dodging
 - Level 14.0 Stealth
 - Level 15.0 Shields
 + Level 17.1 Invocations
 - Level 14.0 Evocations


You had 21 spell levels left.
You didn't know any spells.
Your spell library contained the following spells:

 Spells                   Type           Power        Failure   Level  Hunger
 Apportation              Tloc           #.....       65%         1    ##.....
 Infusion                 Chrm           #...         65%         1    ##.....
 Blink                    Tloc           N/A          80%         2    ###....
 Shroud of Golubria       Chrm/Tloc      #.....       80%         2    ###....
 Swiftness                Chrm/Air       #.......     80%         2    ###....
 Lesser Beckoning         Tloc           #.........   95%         3    ####...
 Ozocubu's Armour         Chrm/Ice       #.......     95%         3    ####...
 Portal Projectile        Hex/Tloc       #.....       95%         3    ####...
 Poison Arrow             Conj/Pois      #.........   100%        6    #######
 Chain Lightning          Conj/Air       #.........   100%        8    #######
 Lehudib's Crystal Spear  Conj/Erth      #.........   100%        8    #######
 Fire Storm               Conj/Fire      #.........   100%        9    #######
 Glaciate                 Conj/Ice       #.........   100%        9    #######


Dungeon Overview and Level Annotations

Branches:
Dungeon (15/15)            Temple (1/1) D:4            Lair (6/6) D:10
  Swamp (4/4) Lair:2        Snake (4/4) Lair:2        Slime (0/5) Lair:6
    Orc (2/2) D:12            Elf (0/3) Orc:2        Vaults (0/5) D:14
 Depths (5/5) D:15            Zot (0/5) Depths:5      Sewer (visited)

Altars:
Cheibriados
Elyvilon
Fedhas
Gozag
Hepliaklqana
Kikubaaqudgha
Makhleb
Nemelex Xobeh
Qazlal
Sif Muna
Trog
Uskayaw
Vehumet
Wu Jian
Yredelemnul
The Shining One
Lugonu

Shops:
D:6 :   D:8 (   D:12 *   D:13 *   Orc:2 ?(*[}   Depths:1 *   Depths:3 (?((

Portals:
Hell: Depths:1 Depths:2 Depths:3 Depths:4 Depths:5
Abyss: Depths:3 Depths:4
Pandemonium: Depths:2 Depths:3

Annotations:
D:11 2 runed translucent doors, Noname's ghost, novice DsGl
Lair:1 exclusion: downstairs


Innate Abilities, Weirdness & Mutations

You have razor-sharp teeth.
You heal very quickly.
When hurt, damage is shared between your health and your magic reserves.
Your bite disrupts and absorbs the magic of your enemies.
Potions cannot restore your health.
You are immune to rotting.


Message History

As you read the scroll of blinking, it crumbles to dust.
Something tries to affect you, but you resist.
You can no longer merge with and destroy a victim.
You can no longer pass through a line of other dancers.
Something hits you.
You hear some strange, mumbled words.
Something tries to affect you, but you resist.
Evoke which item? (* to show all) (? for menu, Esc to quit)
Aiming: Cloud Cone
Press: ? - help, Dir - move target cursor You create a blast of freezing vapour!
Something hits you!!
* * * LOW HITPOINT WARNING * * *
x2 You hear some strange, mumbled words.
Something tries to affect you, but you resist.
As you read the scroll of teleportation, it crumbles to dust.
You feel strangely unstable. Something hits you!
* * * LOW HITPOINT WARNING * * *
x2 Something hits you!!
* * * LOW HITPOINT WARNING * * *
You die...

.#
#....≈...##.#####...####..∩.
##
#.#..[..###.#............#.#
#......## #.#####...####....
####..## #.# #.....######
#..# #.# ##...#.### #..# #.#
#........# ##### ##.#
##.####§§§...#.# ....# #.#
#....§§§§§.###.# ....#
##.####.@####§§### #.# ....#
##.#.#.#.## #..# #.#
....####.........# #..# #.#
........#.......#####..# #.#
.....###.........#.....# #.#
# .....# ##...>...#......#
#.####
####.###.........#...#.#
#.#... #.#..#.......#....#.#
#.#### #.#............####.#
#.# #.


There were no monsters in sight!

Vanquished Creatures
  A juggernaut (Depths:1)
  Vashnia (Snake:4)
  A Killer Klown (Zig:3)
  3 caustic shrikes
  A golden dragon (Depths:1)
  the Enchantress (Depths:2)
  5 liches
  Jorgrun (Orc:1)
  A tentacled monstrosity (Depths:3)
  3 sphinxes
  Gastronok (Lair:2)
  A sphinx (shapeshifter) (Zig:3)
  3 thorn hunters
  The ghost of Sagen the Devastator, an adept DrCj of Vehumet (Snake:1)
  2 shadow dragons
  2 tengu reavers
  Donald (Snake:1)
  10 nagarajas
  5 frost giants
  9 fire giants
  Louise (Swamp:1)
  A balrug (Depths:2)
  A caustic shrike zombie (D:15)
  A juggernaut zombie (Depths:1)
  20 stone giants
  A draconian stormcaller (Depths:5)
  20 very ugly things
  A reaper (Depths:2)
  A draconian shifter (Depths:5)
  4 spriggan defenders
  2 vampire knights
  2 entropy weavers (D:12)
  Nessos (Lair:6)
  A black draconian (Depths:5)
  A purple draconian (Depths:5)
  2 red draconians (Depths:5)
  A yellow draconian (Depths:5)
  A lorocyproca (Depths:2)
  7 spark wasps (Depths:4)
  7 ettins
  A blizzard demon (Depths:2)
  13 fire dragons
  3 rakshasas
  6 vault guards (D:14)
  6 great orbs of eyes
  5 ice dragons
  7 spriggan air magi
  A shambling mangrove (Swamp:4)
  A yaktaur captain (Depths:5)
  21 hydras
  A catoblepas (Lair:6)
  A ghost crab (Swamp:4)
  6 anacondas
  Erolcha (D:11)
  22 naga warriors
  4 centaur warriors
  26 two-headed ogres
  18 deep troll earth magi
  14 alligators
  A death knight (D:14)
  2 vampire magi
  A queen ant (D:12)
  11 death yaks
  6 deep troll shamans
  6 tengu warriors
  5 ogre magi
  3 shock serpents
  11 spriggan berserkers
  22 hell knights
  A soul eater (Depths:3)
  A storm dragon zombie (Depths:1)
  14 naga sharpshooters
  Nergalle (D:11)
  3 iron trolls
  A skeletal warrior (D:14)
  4 sun demons (Depths:2)
  35 deep trolls
  A salamander mystic (Snake:4)
  5 sea snakes (Snake:3)
  A golden dragon zombie (D:15)
  3 glowing orange brains
  A flayed ghost (D:15)
  2 wizards (Depths:4)
  6 spriggan druids
  8 swamp dragons
  A gelid demonspawn (Depths:3)
  5 naga ritualists (Snake:4)
  A deep elf mage (D:15)
  A lindwurm (Lair:6)
  A phantasmal warrior (Depths:2)
  A stone giant zombie (D:15)
  2 orc knights (D:15)
  An orc sorcerer (Orc:1)
  7 necromancers
  7 mana vipers
  2 oklob plants (Lair:4)
  A cyclops (shapeshifter) (Depths:3)
  2 salamanders (shapeshifter)
  A fire giant zombie (Depths:3)
  22 ugly things
  16 cyclopes
  2 manticores
  6 salamanders
  10 naga magi
  2 fire giant skeletons
  14 elephants
  A rust devil (Depths:2)
  A torpor snail (Lair:4)
  28 black mambas
  7 guardian serpents
  2 gargoyles
  18 spiny frogs
  4 rime drakes
  A spriggan zombie (Depths:1)
  A hellion (Depths:3)
  A kobold demonologist (D:13)
  3 ice devils
  7 komodo dragons
  An elf skeleton (Depths:2)
  19 yaktaurs
  A hellwing (Depths:3)
  A redback zombie (D:14)
  13 polar bears
  3 red devils (Depths:2)
  2 guardian mummies (D:15)
  3 tengu conjurers
  2 freezing wraiths (D:14)
  A wolf spider simulacrum (D:14)
  11 trolls
  A harpy skeleton (D:13)
  10 tyrant leeches
  9 hornets
  8 bog bodies
  A raiju (shapeshifter) (Depths:1)
  A sphinx simulacrum (Depths:2)
  A snapping turtle (shapeshifter) (Depths:5)
  Grinder (Sewer)
  A hippogriff (shapeshifter) (Depths:3)
  8 blink frogs
  An elf zombie (D:15)
  7 hippogriffs
  21 slime creatures
  2 dream sheep
  2 centaur simulacra (D:14)
  An ettin skeleton (Zig:1)
  12 spriggans
  2 spriggan skeletons
  A wraith (D:12)
  2 ynoxinuls (Depths:2)
  3 shadows
  6 wyverns
  57 yaks
  2 water elementals (Depths:4)
  6 humans (D:14)
  2 basilisks
  A fire elemental (Depths:4)
  4 hungry ghosts
  A neqoxec (Depths:2)
  3 steam dragons
  3 chaos spawn
  24 vampire mosquitoes
  2 tengu zombies
  16 swamp worms
  16 insubstantial wisps
  60 nagas
  7 soldier ants (D:12)
  5 wargs
  An acid dragon (D:15)
  14 water moccasins
  8 porcupines
  A human skeleton (Depths:1)
  12 swamp drakes
  16 orc warriors
  3 sky beasts
  7 ice beasts
  11 black bears
  A necrophage (D:7)
  41 ogres
  3 boggarts (Depths:1)
  4 phantoms
  19 wolves
  17 centaurs
  11 crocodiles
  2 big kobolds (Sewer)
  18 bullfrogs
  4 gnoll sergeants
  A wyvern zombie (D:11)
  A wyvern skeleton (D:13)
  6 scorpions
  16 killer bees
  9 wights
  A howler monkey (shapeshifter) (Depths:3)
  3 howler monkeys (D:9)
  A bullfrog zombie (D:6)
  5 centaur zombies
  9 crimson imps
  12 hounds
  2 jellies
  13 orc priests
  An iron imp (Depths:3)
  6 centaur skeletons
  29 orc wizards
  Terence (D:2)
  3 bullfrog skeletons (D:12)
  2 gnoll shamans
  3 iguanas
  A hell rat (D:8)
  24 worker ants
  A big kobold zombie (Sewer)
  A hound zombie (D:8)
  A hound skeleton (D:11)
  3 mummies (Zig:1)
  2 howler monkey zombies
  3 worker ant zombies (D:11)
  A howler monkey skeleton (D:6)
  35 gnolls
  13 adders
  7 river rats
  4 shadow imps
  2 white imps (Depths:3)
  4 ufetubi
  An ooze (D:2)
  4 adder skeletons
  9 worms
  2 dart slugs
  4 leopard geckos
  79 orcs
  3 giant cockroaches
  4 hobgoblins
  28 jackals
  4 quokkas
  6 ball pythons
  8 bats
  6 frilled lizards
  5 goblins
  27 kobolds
  2 kobold zombies (Sewer)
  A leopard gecko skeleton (D:7)
  22 rats
  A rat (shapeshifter) (Depths:4)
  2 briar patches (Swamp:4)
  A fungus (Depths:4)
  A plant (D:11)
1626 creatures vanquished.

Vanquished Creatures (collateral kills)
  A hydra (Swamp:3)
  A gnoll (D:8)
  A jackal (D:8)
3 creatures vanquished.

Vanquished Creatures (others)
  An alligator (Swamp:2)
  A phantasmal warrior (Depths:2)
  A cyclops (Depths:2)
  A vampire mosquito (D:11)
  An insubstantial wisp (Swamp:4)
  4 briar patches
  6 fungi
  8 plants
  4 toadstools (Depths:4)
27 creatures vanquished.

Grand Total: 1656 creatures vanquished

Notes
Turn   | Place    | Note
-------+----------+-------------------------------------------
     0 | D:1      | Aelig the Vine Stalker Berserker began the quest for the
                  | Orb.
     0 | D:1      | Reached XP level 1. HP: 11/11 MP: 2/2
   388 | D:1      | Reached XP level 2. HP: 15/16 MP: 3/3
   867 | D:2      | Noticed Terence
   880 | D:2      | Killed Terence
   880 | D:2      | Reached XP level 3. HP: 20/20 MP: 4/4
   958 | D:2      | Found an ornate altar of the Wu Jian Council.
   991 | D:2      | Reached ** piety under Trog
   991 | D:2      | Gained mutation: Your natural rate of healing is unusually
                  | fast. [Vine Stalker growth]
   991 | D:2      | Reached XP level 4. HP: 24/24 MP: 5/5
  1092 | D:2      | Found a shimmering blue altar of Sif Muna.
  1167 | D:2      | Found a white marble altar of Elyvilon.
  1167 | D:2      | Found a basalt altar of Yredelemnul.
  1168 | D:2      | Found an ancient bone altar of Kikubaaqudgha.
  1592 | D:3      | Found a radiant altar of Vehumet.
  1770 | D:3      | Noticed a +0 hand axe
  1771 | D:3      | Noticed a +0 dagger
  1774 | D:3      | Found a hide-covered altar of Uskayaw.
  1843 | D:3      | Reached XP level 5. HP: 28/28 MP: 6/6
  1904 | D:3      | Found a sparkling altar of Nemelex Xobeh.
  1948 | D:3      | Reached skill level 5 in Short Blades
  2551 | D:4      | Found a hazy altar of Hepliaklqana.
  2571 | D:4      | Reached skill level 1 in Stealth
  2573 | D:4      | Reached XP level 6. HP: 32/32 MP: 5/7
  2634 | D:4      | Reached *** piety under Trog
  2807 | D:4      | Noticed a sky beast
  2813 | D:4      | Killed a sky beast
  2813 | D:4      | Reached XP level 7. HP: 36/36 MP: 8/8
  2876 | D:4      | Found a staircase to the Ecumenical Temple.
  2887 | Temple   | Entered the Ecumenical Temple
  2986 | D:4      | Found a blossoming altar of Fedhas.
  3100 | D:5      | Entered Level 5 of the Dungeon
  3193 | D:5      | Found an opulent altar of Gozag.
  3360 | D:5      | Found a glowing drain.
  3378 | Sewer    | Entered a sewer
  3383 | Sewer    | Reached **** piety under Trog
  3547 | Sewer    | Gained mutation: You have razor-sharp teeth. [Vine Stalker
                  | growth]
  3547 | Sewer    | Reached XP level 8. HP: 40/40 MP: 9/9
  3559 | Sewer    | Found an ancient bone altar of Kikubaaqudgha.
  3581 | Sewer    | Noticed Grinder
  3603 | Sewer    | Killed Grinder
  3715 | Sewer    | Reached skill level 5 in Stealth
  4351 | D:6      | Found Tonley's Book Boutique.
  4579 | D:6      | Reached XP level 9. HP: 46/46 MP: 10/10
  4879 | D:6      | Reached skill level 5 in Fighting
  5123 | D:7      | Reached skill level 10 in Short Blades
  5123 | D:7      | Reached skill level 1 in Evocations
  5161 | D:7      | Reached ***** piety under Trog
  5445 | D:7      | Found a white marble altar of Elyvilon.
  5805 | D:7      | Noticed a troll
  5813 | D:7      | Killed a troll
  5926 | D:8      | Reached XP level 10. HP: 45/51 MP: 12/14
  6151 | D:8      | Found Xedelest's Weapon Shoppe.
  6337 | D:8      | Received a gift from Trog
  6340 | D:8      | Found the +2 ratskin cloak {+Rats rPois rN+ Str-1 Int-1
                  | Dex+1}
  6503 | D:8      | Reached skill level 5 in Evocations
  7080 | D:8      | Found a burning altar of Makhleb.
  7640 | D:9      | Found a stormy altar of Qazlal.
  7705 | D:9      | Found a snail-covered altar of Cheibriados.
  8106 | D:9      | Noticed a two-headed ogre
  8114 | D:9      | Killed a two-headed ogre
  8114 | D:9      | Reached XP level 11. HP: 56/56 MP: 13/17
  8296 | D:10     | Entered Level 10 of the Dungeon
  8463 | D:10     | Found a staircase to the Lair.
  9056 | Lair:1   | Entered Level 1 of the Lair of Beasts
  9298 | Lair:1   | Reached ****** piety under Trog
 10008 | Lair:2   | Noticed a five-headed hydra
 10165 | Lair:2   | Gained mutation: You heal very quickly. [Vine Stalker
                  | growth]
 10165 | Lair:2   | Reached XP level 12. HP: 65/65 MP: 17/19
 10478 | Lair:2   | Found a staircase to the Swamp.
 10522 | Lair:2   | Found a staircase to the Snake Pit.
 10569 | Lair:2   | Noticed Gastronok
 10755 | Lair:2   | Received a gift from Trog
 10814 | Lair:2   | Killed a five-headed hydra
 11246 | Lair:3   | Noticed a five-headed hydra
 11254 | Lair:3   | Killed a five-headed hydra
 11899 | Lair:4   | Reached skill level 1 in Shields
 12040 | Lair:4   | Noticed a death yak
 12080 | Lair:4   | Killed a death yak
 12211 | Lair:4   | Reached XP level 13. HP: 71/71 MP: 15/21
 12676 | Lair:4   | Reached skill level 10 in Evocations
 12694 | Lair:4   | Reached skill level 10 in Fighting
 12700 | Lair:4   | Received a gift from Trog
 14219 | Lair:6   | Entered Level 6 of the Lair of Beasts
 14380 | Lair:6   | Noticed Nessos
 14386 | Lair:6   | Killed Nessos
 14391 | Lair:6   | Reached skill level 5 in Armour
 14391 | Lair:6   | Reached skill level 5 in Dodging
 14671 | Lair:6   | Reached XP level 14. HP: 78/80 MP: 22/22
 15159 | Lair:6   | Found a staircase to the Slime Pits.
 15382 | Lair:6   | Received a gift from Trog
 15767 | D:11     | Noticed Nergalle
 15886 | D:11     | Killed Nergalle
 16101 | D:11     | Noticed Erolcha
 16162 | D:11     | Killed Erolcha
 16292 | D:11     | Found a large runed translucent door.
 16298 | D:11     | Found a large runed translucent door.
 16298 | D:11     | Noticed Noname's ghost (novice DsGl)
 16477 | D:11     | Got a faintly glowing scale mail
 16494 | D:11     | Identified the +5 scale mail "Dimiecy" {rF+ Int+3} (You
                  | found it on level 11 of the Dungeon)
 16700 | D:11     | Received a gift from Trog
 17442 | Lair:4   | Got a fine scale mail
 17456 | Lair:4   | Identified the +0 scale mail of Philately {+Blink MR- rCorr
                  | Int-2} (You found it on level 4 of the Lair of Beasts)
 17525 | Lair:2   | Killed Gastronok
 17817 | D:12     | Noticed an entropy weaver
 17817 | D:12     | Noticed an entropy weaver
 17839 | D:12     | Killed an entropy weaver
 17850 | D:12     | Killed an entropy weaver
 18216 | D:12     | Found Yfuligats's Assorted Antiques.
 18228 | D:12     | Bought a scroll of identify for 74 gold pieces
 18228 | D:12     | Bought a scroll of enchant armour for 277 gold pieces
 18348 | D:12     | Identified the +7 flail of Guile {flame, rC+ Str+2}
 18355 | D:12     | Reached XP level 15. HP: 85/85 MP: 25/25
 18541 | D:12     | Received a gift from Trog
 18549 | D:12     | Found a staircase to the Orcish Mines.
 18850 | Orc:1    | Entered Level 1 of the Orcish Mines
 18850 | Orc:1    | Noticed Jorgrun
 18864 | Orc:1    | Killed Jorgrun
 18864 | Orc:1    | Reached skill level 5 in Shields
 19144 | Orc:2    | Entered Level 2 of the Orcish Mines
 19205 | Orc:2    | Found Coihyipi's Gadget Shoppe.
 19338 | Orc:2    | Found a staircase to the Elven Halls.
 19512 | Orc:2    | Received a gift from Trog
 19728 | Orc:2    | Found Taen Teo's Antique Weapon Shoppe.
 19728 | Orc:2    | Found Ziruqoic's Armour Boutique.
 19728 | Orc:2    | Found Tuasool's Magic Scroll Shop.
 19728 | Orc:2    | Found Joentim's General Store.
 19736 | Orc:2    | Bought the +0 pair of boots of Ysuit {rF+ rN+ Regen+ Str+2}
                  | for 349 gold pieces
 19742 | Orc:2    | Bought a scroll of identify for 30 gold pieces
 19742 | Orc:2    | Bought a scroll of teleportation for 45 gold pieces
 19742 | Orc:2    | Bought a scroll of fear for 52 gold pieces
 19743 | Orc:2    | Bought a scroll of identify for 26 gold pieces
 19743 | Orc:2    | Bought a scroll of identify for 26 gold pieces
 19743 | Orc:2    | Bought a scroll of summoning for 123 gold pieces
 19743 | Orc:2    | Bought a scroll of teleportation for 39 gold pieces
 19743 | Orc:2    | Bought a scroll of identify for 26 gold pieces
 19743 | Orc:2    | Bought a scroll of identify for 26 gold pieces
 19745 | Orc:2    | Bought a faintly glowing rapier for 342 gold pieces
 19746 | Orc:2    | Identified the +9 rapier "Lymec" {pierce, Str+2} (You
                  | bought it in a shop on level 2 of the Orcish Mines)
 20623 | D:13     | Found Nauh Vun's Assorted Antiques.
 20643 | D:13     | Identified a scroll of acquirement
 20798 | D:13     | Received a gift from Trog
 21716 | D:14     | Reached XP level 16. HP: 91/91 MP: 26/26
 21838 | D:14     | Received a gift from Trog
 22031 | D:14     | Found a gate to the Vaults.
 22514 | D:15     | Entered Level 15 of the Dungeon
 22677 | D:15     | Reached skill level 10 in Shields
 23103 | D:15     | Found a staircase to the Depths.
 23112 | D:15     | Received a gift from Trog
 24002 | Swamp:1  | Entered Level 1 of the Swamp
 24080 | Swamp:1  | Paralysed by a hornet for 2 turns
 24106 | Swamp:1  | Noticed Louise
 24107 | Swamp:1  | Upgraded the game from 0.24.0-1-gfbc8707122 to
                  | 0.24.0-2-g5b39cebb1c
 24120 | Swamp:1  | Killed Louise
 25052 | Swamp:2  | Reached XP level 17. HP: 95/95 MP: 27/27
 25083 | Swamp:2  | Received a gift from Trog
 26743 | Swamp:4  | Entered Level 4 of the Swamp
 26775 | Swamp:4  | Received a gift from Trog
 27059 | Swamp:4  | Reached skill level 15 in Shields
 27348 | Swamp:4  | Got a shimmering granite ring
 27349 | Swamp:4  | Identified the ring "Koerid" {rPois MR+ Int+4} (You
                  | acquired it on level 4 of the Swamp)
 27542 | Swamp:4  | Got a decaying rune of Zot
 27784 | Snake:1  | Entered Level 1 of the Snake Pit
 27981 | Snake:1  | Noticed Donald
 27989 | Snake:1  | Killed Donald
 28144 | Snake:1  | Found a runed translucent gate.
 28144 | Snake:1  | Found a runed translucent gate.
 28144 | Snake:1  | Found a runed translucent gate.
 28144 | Snake:1  | Noticed Sagen's ghost (adept DrCj)
 28166 | Snake:1  | Killed Sagen's ghost
 28166 | Snake:1  | Reached XP level 18. HP: 96/100 MP: 28/28
 28313 | Snake:1  | Received a gift from Trog
 29862 | Snake:3  | Found the ring of the Mage {Wiz MR++ Int+3}
 30357 | Snake:4  | Entered Level 4 of the Snake Pit
 30443 | Snake:4  | Noticed Vashnia
 30484 | Snake:4  | Killed Vashnia
 30833 | Snake:4  | Received a gift from Trog
 31193 | Snake:4  | Reached XP level 19. HP: 91/107 MP: 25/30
 31279 | Snake:4  | Got a serpentine rune of Zot
 31466 | Snake:4  | Received a gift from Trog
 31473 | Snake:4  | Reached skill level 15 in Fighting
 32271 | D:3      | Fell from the grace of Trog
 32271 | D:3      | Became a worshipper of Uskayaw the Reveler
 32594 | Depths:1 | Entered Level 1 of the Depths
 32607 | D:15     | Reached * piety under Uskayaw
 32609 | D:15     | Reached ** piety under Uskayaw
 32624 | Depths:1 | Reached *** piety under Uskayaw
 32626 | Depths:1 | Reached **** piety under Uskayaw
 32627 | Depths:1 | Reached skill level 1 in Invocations
 32627 | Depths:1 | Reached ***** piety under Uskayaw
 32633 | Depths:1 | Reached ****** piety under Uskayaw
 32667 | Depths:1 | Reached skill level 2 in Invocations
 32757 | Depths:1 | Found a glowing golden altar of the Shining One.
 32977 | Depths:1 | Reached skill level 3 in Invocations
 33175 | Depths:1 | Found a gateway to a ziggurat.
 33186 | Depths:1 | Found Zedeloz's General Store.
 33211 | Zig:1    | Entered Level 1 of a ziggurat
 33245 | Zig:2    | Entered Level 2 of a ziggurat
 33306 | Zig:3    | Entered Level 3 of a ziggurat
 33310 | Zig:3    | Noticed a Killer Klown
 33332 | Zig:3    | Reached skill level 4 in Invocations
 33334 | Zig:3    | Killed a Killer Klown
 33370 | Depths:1 | Bought a scroll of teleportation for 54 gold pieces
 33370 | Depths:1 | Bought a scroll of identify for 36 gold pieces
 33370 | Depths:1 | Bought a scroll of identify for 36 gold pieces
 33791 | Depths:1 | Paralysed by Trog for 6 turns
 33945 | Depths:1 | Found a gateway to Hell.
 33976 | Depths:1 | Found a runed translucent door.
 33976 | Depths:1 | Noticed a golden dragon
 33991 | Depths:1 | Noticed a juggernaut
 33991 | Depths:1 | Identified the +8 scythe of Fair {slice, rPois}
 34087 | Depths:1 | Reached skill level 5 in Invocations
 34393 | Depths:2 | Reached XP level 20. HP: 114/114 MP: 31/31
 34461 | Depths:1 | Reached skill level 6 in Invocations
 34597 | Depths:2 | Reached skill level 10 in Stealth
 34643 | Depths:2 | Reached skill level 7 in Invocations
 34668 | Depths:2 | Noticed a lich
 34682 | Depths:2 | Reached skill level 8 in Invocations
 34683 | Depths:2 | Killed a lich
 34740 | Depths:2 | Reached skill level 9 in Invocations
 34946 | Depths:2 | Noticed the Enchantress
 34978 | Depths:2 | Killed the Enchantress
 35061 | Depths:2 | Found a one-way gate leading to the halls of Pandemonium.
 35071 | Depths:2 | Reached skill level 10 in Invocations
 35408 | Depths:2 | Paralysed by Trog for 6 turns
 36113 | Depths:3 | Found Pure Satiu's Weapon Shop.
 36117 | Depths:3 | Found Ojafugu's Magic Scroll Boutique.
 36118 | Depths:3 | Found Xompoj Yrymm's Antique Weapon Shop.
 36123 | Depths:3 | Bought 3 scrolls of teleportation for 171 gold pieces
 36123 | Depths:3 | Bought a scroll of fog for 38 gold pieces
 36123 | Depths:3 | Bought a scroll of blinking for 142 gold pieces
 36123 | Depths:3 | Bought a scroll of brand weapon for 380 gold pieces
 36123 | Depths:3 | Bought a scroll of brand weapon for 380 gold pieces
 36318 | Depths:3 | Reached skill level 11 in Invocations
 36390 | Depths:3 | Reached XP level 21. HP: 119/119 MP: 32/32
 36562 | Depths:3 | Found Kosiheymp's Antique Weapon Shoppe.
 36568 | Depths:3 | Bought a transparent rapier for 450 gold pieces
 36568 | Depths:3 | Identified the +11 rapier of Obsession {antimagic, *Rage
                  | MR+++ Int+3 Stlth+} (You bought it in a shop on level 3 of
                  | the Depths)
 36784 | Depths:3 | Found a one-way gate to the infinite horrors of the Abyss.
 36835 | Depths:3 | Noticed a caustic shrike
 36838 | Depths:3 | Killed a caustic shrike
 36863 | Depths:3 | Reached skill level 12 in Invocations
 37052 | Depths:3 | Noticed a caustic shrike
 37070 | Depths:3 | Killed a caustic shrike
 37121 | Depths:3 | Reached skill level 13 in Invocations
 37866 | Depths:4 | Reached skill level 14 in Invocations
 37962 | Depths:4 | Found a bloodstained altar of Trog.
 38046 | Depths:4 | Got a sparkling ivory ring
 38048 | Depths:4 | Identified the ring of Tem Nai {rElec rF- rC- rN+ SInv}
                  | (You found it on level 4 of the Depths)
 38164 | Depths:4 | Got a steaming silver ring
 38188 | Depths:4 | Identified the ring "Weustocu" {Wiz rN+} (You found it on
                  | level 4 of the Depths)
 38356 | Depths:4 | Found a corrupted altar of Lugonu.
 38775 | Depths:4 | Reached skill level 15 in Invocations
 38814 | Depths:4 | Identified the Volume of Aid
 38816 | Depths:4 | Identified the Handbook of the Compass
 39208 | Depths:5 | Entered Level 5 of the Depths
 39242 | Depths:5 | Reached XP level 22. HP: 124/124 MP: 34/34
 39389 | Depths:5 | Noticed a caustic shrike
 39402 | Depths:5 | Killed a caustic shrike
 39560 | Depths:5 | Reached skill level 16 in Invocations
 39800 | Depths:5 | Noticed a juggernaut
 40103 | Depths:5 | Found a gate to the Realm of Zot.
 40811 | Depths:1 | Killed a juggernaut
 40811 | Depths:1 | Reached skill level 17 in Invocations
 40840 | Depths:1 | Killed a golden dragon
 40897 | Depths:1 | HP: 1/126 [something (26)]
 40897 | Depths:1 | Slain by a vampire knight

Levels and vault maps discovered:
D:1:      dpeg_arrival_shelter, layout_loops_ring
D:2:      layout_basic, led_sif_pool, old_standard_altar,
          gammafunk_temple_overflow_forgotten, first_ration, minmay_hexomino_f4,
          uniq_terence
D:3:      layout_loops_ring, lemuel_crystal_altar,
          nemelex_xobeh_ov_fountains_minmay, dancing_weapons_uskayaw,
          corexii_hall_statues_t
D:4:      layout_basic, lemuel_round_altar, minmay_temple_entry_statues_pillars,
          fedhas_bush_and_centaur_altar
D:5:      layout_loops_cross, grunt_gozag_breadcrumbs, lightli_sewer_entry_pipes
D:6:      layout_loops_cross, serial_shops, shop_fountains
D:7:      layout_cave_pods, basic_altar, the_bakery, kennysheep_generic_room_11
D:8:      wander_guarded_unrand_ratskin, layout_cave_pools,
          kennysheep_little_box, serial_gnoll_camp, gnoll_camp_mini_shop,
          gnoll_camp_mini_house, gnoll_camp_huts_moat, gnoll_camp_mini_doghouse,
          gnoll_camp_mini_doghouse, moated_statue
D:9:      layout_gridville, grunt_qazlal_sundering, cheibrodos_worm_habitat
D:10:     layout_roguey, david_lair_shrubbed
D:11:     layout_roguey, portal_ice_cave_demonic_guard,
          ebering_ghost_disaster_area, pond, uniq_erolcha, uniq_nergalle
D:12:     layout_loops_cross, orc_0_dummy, serial_shops, shop,
          minmay_another_anthill
D:13:     layout_gridville, serial_shops, nicolae_shop_overgrown_old_shop
D:14:     layout_roguey, ximxim_vaults_locker_room, nicolae_benzene_ring,
          patterned_corridor
D:15:     gammafunk_depths_entry_grave, layout_layer_cave
Temple:   nicolae_temple_figure_zero
Lair:1:   layout_chaotic_city, st_stairs_9
Lair:2:   layout_regular_city, minmay_swamp_entry_worms,
          guppyfry_snake_entry_garden, uniq_gastronok
Lair:3:   layout_regular_city, infiniplex_staircase_pool_2, grunt_megastairs_2
Lair:4:   layout_gridlike, beast_lair_carwin_2, minmay_lair_oklob_chamber
Lair:5:   layout_roguey, beast_lair_carwin_3
Lair:6:   grunt_lair_end_beastmaster, layout_gridlike, dpeg_slime_entry_corner,
          uniq_nessos
Swamp:1:  layout_falls_marsh, evilmike_swamp_ruin_house_1, uniq_louise
Swamp:2:  layout_falls_marsh, evilmike_swamp_ruin_rubble_2
Swamp:3:  layout_falls_marsh, hangedman_swamp_ruin_hall
Swamp:4:  swamp, layout_basic_swamp
Snake:1:  layout_onion, special_room, ebering_ghost_rock_garden,
          nicolae_snake_salamander_stairs, uniq_donald
Snake:2:  layout_gridlike, hangedman_snake_corridor_split
Snake:3:  layout_layer_cave, guppyfry_snake_island
Snake:4:  grunt_snake_rune_spirals, layout_concentric_octagons, uniq_vashnia
Orc:1:    layout_caves, nicolae_orc_lava_room, uniq_jorgrun
Orc:2:    st_orc_ogre_mass, layout_caves, serial_shops, shop_statue
Depths:1: layout_basic, enter_ziggurat_a, serial_shops, nicolae_shop_crystal,
          pf_dread_powers_of_hell, minmay_holes, st_stairs_4, minmay_st_funbox,
          tso_altar
Depths:2: kennysheep_demon_jail, layout_gridville, lightli_too_deep,
          dk_noncrumbling_4, rand_demon_pan_entry_9,
          infiniplex_staircase_zigzag_1, grunt_megastairs_4, uniq_enchantress
Depths:3: thingy_vault, layout_gridlike, dk_noncrumbling_2, hell_entry,
          abyss_entry, serial_shops, shop, grunt_pan_entry_zigzag,
          minmay_shop_star
Depths:4: cheibrodos_lost_city_excavation, layout_gridlike,
          abyss_entry_flame_altar, hangedman_coc_ice_floe,
          minmay_gold_behind_fungi, evilmike_spriggan_trog_shrine
Depths:5: evilmike_zot_entry_round, layout_small_grid,
          hangedman_tar_grid_catacomb, minmay_misc_feat_iff,
          kennysheep_random_hallway

Skill      XL: |  1  2  3  4  5  6  7  8  9 10 11 12 13 14 15 16 17 18 19 20 21 22 |
---------------+-------------------------------------------------------------------+-----
Fighting       | 3 4 5 6 8 9 12 13 14 16 | 16.8
Short Blades   | 3 4 5 7 9 10 11 12 13 14 | 14.0
Stealth        | 1 3 5 8 12 14 | 14.0
Evocations     | 4 7 8 9 10 12 13 14 | 14.0
Armour         | 2 4 5 6 8 |  8.1
Dodging        | 2 4 5 6 8 |  8.0
Shields        | 3 4 8 12 15 | 15.0
Invocations    | 5 11 15 17 | 17.1

Action                   |  1- 3 |  4- 6 |  7- 9 | 10-12 | 13-15 | 16-18 | 19-21 | 22-24 || total
-------------------------+-------+-------+-------+-------+-------+-------+-------+-------++-------
Melee: Short sword       |    94 |   143 |   410 |  1046 |  1645 |       |       |       ||  3338
       Bite              |    24 |    52 |   151 |   459 |  1034 |  1220 |  1127 |   193 ||  4260
       Rapier            |       |       |       |       |   371 |  1525 |       |       ||  1896
       Quick blade       |       |       |       |       |       |   813 |  2011 |   323 ||  3147
Throw: Dart              |       |    18 |       |       |       |       |       |       ||    18
Invok: Berserk           |     2 |     6 |     4 |    16 |    20 |    17 |       |       ||    65
       Trog's Hand       |       |       |     1 |     1 |     4 |     3 |       |       ||     9
       Brothers in Arms  |       |       |       |       |       |     1 |       |       ||     1
       Grand Finale      |       |       |       |       |       |       |     4 |       ||     4
       Stomp             |       |       |       |       |       |       |     2 |       ||     2
       Line Pass         |       |       |       |       |       |       |     1 |     6 ||     7
 Abil: Evoke Ratskin     |       |       |       |     1 |       |     1 |       |       ||     2
Evoke: Wand              |       |       |       |    13 |     6 |     3 |     8 |     1 ||    31
       Fan of gales      |       |       |       |       |       |       |     1 |       ||     1
  Use: Scroll            |       |     4 |     2 |    16 |    14 |     9 |    15 |     3 ||    63
       Potion            |       |     3 |       |     1 |       |       |       |       ||     4
 Stab: Sleeping          |       |       |     2 |       |     3 |     6 |    11 |     3 ||    25
       Paralysed         |       |       |       |       |     1 |       |    95 |    24 ||   120
       Petrifying        |       |       |       |       |     1 |       |       |       ||     1
       Confused          |       |       |       |       |       |     3 |       |     4 ||     7
       Distracted        |       |       |       |       |       |     1 |     3 |     2 ||     6
  Eat: Chunk             |     2 |     8 |    17 |    43 |    59 |    49 |    18 |     3 ||   199
       Ration            |       |     1 |     2 |       |       |       |     2 |     1 ||     6
Armor: Ring mail         |    62 |    32 |    44 |       |       |       |       |       ||   138
       Chain mail        |       |       |    61 |   375 |   186 |       |       |       ||   622
       Scale mail        |       |       |       |       |   131 |   364 |   238 |    34 ||   767
Dodge: Dodged            |    78 |    47 |   115 |   309 |   691 |   723 |   615 |    80 ||  2658
Block: Buckler           |       |       |       |    12 |   290 |       |       |       ||   302
       Shield            |       |       |       |       |   313 |  1094 |   858 |   101 ||  2366
